 Dungeon Crawl Stone Soup version 0.20-a0-641-g673355a (webtiles) character file.

1408 FrankyJ the Magician (level 8, -7/52 HPs)
             Began as a Merfolk Summoner on Feb 13, 2017.
             Was an Initiate of Sif Muna.
             Shot with an arrow by a centaur (15 damage)
             ... on level 6 of the Dungeon.
             The game lasted 00:53:20 (10263 turns).

FrankyJ the Magician (Merfolk Summoner)            Turns: 10263, Time: 00:53:20

Health: -7/52      AC:  4    Str:  9    XL:     8   Next: 70%
Magic:  4/18       EV: 13    Int: 16    God:    Sif Muna [......]
Gold:   310        SH:  0    Dex: 14    Spells: 11/21 levels left

rFire    . . .     SeeInvis .   i - +0 spear
rCold    + . .     Gourm    .   a - +0 robe
rNeg     . . .     Faith    .   (no shield)
rPois    .         Spirit   .   y - +0 helmet
rElec    .         Reflect  .   (no cloak)
rCorr    .         Harm     .   o - +0 pair of gloves
MR       .....                  (no boots)
Stlth    ++........             (no amulet)
Regen    0.2/turn               (no ring)
MPRegen  0.2/turn               v - ring of protection from cold

@: no status effects
A: change form in water, swift swim, stealthy swim
a: Renounce Religion


You were on level 6 of the Dungeon.
You worshipped Sif Muna.
Sif Muna was noncommittal.
You were not hungry.

You visited 2 branches of the dungeon, and saw 7 of its levels.

You collected 310 gold pieces.

Inventory:

Hand Weapons
 g - a +0 dagger
 i - a +0 spear (weapon)
 J - a +0 scythe
Missiles
 t - 2 tomahawks (quivered)
 L - 6 exploding tomahawks
Armour
 a - a +0 robe (worn)
 e - a +0 large shield
 k - a +0 leather armour
 m - a +0 ring mail of cold resistance
 o - a +0 pair of gloves (worn)
 y - a +0 helmet (worn)
Jewellery
 v - a ring of protection from cold (left hand)
Wands
 C - a wand of enslavement (19/24)
Scrolls
 d - 3 scrolls of remove curse
 f - 3 scrolls of magic mapping {unknown}
 h - 2 scrolls of noise {unknown}
 q - 6 scrolls of identify {unknown}
 s - a scroll of enchant weapon {unknown}
 u - a scroll of enchant armour {unknown}
 w - a scroll of immolation {unknown}
 z - 2 scrolls of amnesia {unknown}
 D - a scroll of teleportation {unknown}
Potions
 j - a potion of agility {unknown}
 l - 2 potions of ambrosia {unknown}
 n - 2 potions of cancellation {unknown}
 p - 4 potions of curing {unknown}
 r - a potion of haste {unknown}
 x - a potion of mutation {unknown}
 B - 2 potions of magic {unknown}
 E - 2 potions of degeneration {unknown}
 G - 2 potions of might {unknown}
 H - a potion of brilliance {unknown}
Books
 b - a book of Callings

   Spells                             Type                      Level
   a - Summon Small Mammal            Summoning                    1
   b - Call Imp                       Summoning                    2
   c - Call Canine Familiar           Summoning                    3
   d - Summon Guardian Golem          Hexes/Summoning              3
   e - Summon Lightning Spire         Summoning/Air                4
   f - Summon Ice Beast               Ice/Summoning                4
Comestibles
 c - 2 bread rations
 A - 2 royal jellies
 F - a meat ration
 K - 3 fruits


   Skills:
 - Level 3.0 Polearms
 - Level 3.0 Dodging
 - Level 2.1 Stealth
 - Level 7.2 Spellcasting
 + Level 5.8 Summonings
 - Level 4.0 Air Magic


You had 11 spell levels left.
You knew the following spells:

 Your Spells              Type           Power        Failure   Level  Hunger
a - Summon Small Mammal   Summ           ###.         1%          1    None
b - Call Imp              Summ           ###.....     1%          2    None
c - Call Canine Familiar  Summ           ###.....     3%          3    ##.....
d - Summon Lightning Spi  Summ/Air       ###.....     17%         4    ####...


Dungeon Overview and Level Annotations

Branches:
Dungeon (6/15)             Temple (1/1) D:4

Altars:
Ashenzari
Cheibriados
Dithmenos
Elyvilon
Gozag
Hepliaklqana
Kikubaaqudgha
Makhleb
Nemelex Xobeh
Okawaru
Qazlal
Ru
Sif Muna
Trog
Uskayaw
Vehumet
Xom
Yredelemnul
Zin
The Shining One

Annotations:
D:6 HallandMoats's ghost, novice DsFi


Message History

You see here an arrow.
The centaur shoots an arrow.
The arrow hits you.
Found a club.
You see here an arrow.
Found a scroll labeled GUFESO BUXUCS.
The centaur shoots an arrow.
The arrow closely misses you.
You see here an arrow.
The centaur shoots an arrow.
The arrow hits you.
You see here an arrow.
The big kobold shouts!
The centaur shoots an arrow.
The arrow hits you.
* * * LOW HITPOINT WARNING * * *
You see here an arrow.
The big kobold hits you but does no damage.
The big kobold barely misses you. The big kobold closely misses you.
The centaur shoots an arrow.
The arrow hits you!
* * * LOW HITPOINT WARNING * * *
The centaur shoots an arrow.
The arrow hits you!
You die...

###...####..#
##.............##.
##...### #.≈#
#.....?......#####
...###
#..###.......c....# #
.###
#..##........K...## #.
## ##.##............#
#. #..#.........)..#
#. #).#.....gK(...##
#. #..#.....((....# #.
####....@K........# ..
####.##.....##########
##.........###
##.......<.##
##.........##
##..........#
##...........#
#........>...#
#............#


You could see 2 big kobolds, a gnoll sergeant, a centaur and a kobold.

Vanquished Creatures
  A crimson imp (D:5)
  An orc priest (D:5)
  An orc wizard (D:4)
  A worker ant (D:5)
  An adder (D:2)
  An ooze (D:1)
  An adder skeleton (D:4)
  An adder zombie (D:5)
  A dart slug (D:1)
  3 leopard geckos
  3 orcs
  2 giant cockroaches (D:2)
  7 hobgoblins
  A jackal (D:1)
  7 kobolds
  3 quokkas
  9 bats
  5 frilled lizards
  5 goblins
  8 rats
  A spectral orc (D:2)
  A butterfly (D:4)
64 creatures vanquished.

Vanquished Creatures (collateral kills)
  Sigmund (D:5)
  Edmund (D:4)
  Duvessa (D:5)
  A sky beast (D:5)
  The ghost of Glaeka the Cudgeler, an amateur HOSk of Beogh (D:4)
  2 phantoms
  3 ogres
  A centaur (D:5)
  Blork the orc (D:5)
  Dowan (D:4)
  5 scorpions
  A bullfrog zombie (D:6)
  A hound (D:4)
  6 orc priests
  A centaur skeleton (D:4)
  2 bullfrog skeletons (D:5)
  3 iguanas
  5 orc wizards
  4 worker ants
  7 adders
  9 gnolls
  A howler monkey skeleton (D:6)
  A shadow imp (D:5)
  An adder skeleton (D:4)
  4 worms
  3 dart slugs
  2 leopard geckos (D:5)
  20 orcs
  A giant cockroach (D:2)
  3 goblins
  10 hobgoblins
  3 jackals (D:2)
  3 kobolds
  A quokka (D:3)
  A frilled lizard (D:4)
  2 rats (D:2)
113 creatures vanquished.

Vanquished Creatures (others)
  A hobgoblin (D:6)
  8 fungi (D:4)
  A plant (D:6)
10 creatures vanquished.

Grand Total: 187 creatures vanquished

Notes
Turn   | Place    | Note
-------+----------+-------------------------------------------
     0 | D:1      | FrankyJ the Merfolk Summoner began the quest for the Orb.
     0 | D:1      | Reached XP level 1. HP: 13/13 MP: 3/3
   385 | D:1      | Reached XP level 2. HP: 19/19 MP: 5/5
   388 | D:1      | Reached skill level 1 in Polearms
   838 | D:1      | Reached XP level 3. HP: 13/24 MP: 6/6
  1172 | D:1      | Learned a level 2 spell: Call Imp
  1176 | D:1      | Learned a level 3 spell: Call Canine Familiar
  1494 | D:2      | Reached skill level 3 in Spellcasting
  1511 | D:2      | Reached XP level 4. HP: 23/30 MP: 8/8
  2097 | D:2      | Found a basalt altar of Yredelemnul.
  2176 | D:2      | Found a sparkling altar of Nemelex Xobeh.
  3304 | D:2      | Reached skill level 4 in Spellcasting
  3304 | D:2      | Reached XP level 5. HP: 17/35 MP: 4/11
  4422 | D:4      | Reached skill level 5 in Spellcasting
  4422 | D:4      | Reached XP level 6. HP: 22/41 MP: 6/13
  4514 | D:4      | Noticed Glaeka's ghost (amateur HOSk)
  4524 | D:4      | Killed Glaeka's ghost
  4607 | D:4      | Found a staircase to the Ecumenical Temple.
  4647 | Temple   | Entered the Ecumenical Temple
  4773 | D:4      | Noticed a phantom
  4793 | D:4      | Killed a phantom
  4844 | D:4      | HP: 1/41 [ogre/giant club (20)]
  4859 | D:4      | Reached skill level 6 in Spellcasting
  5332 | D:4      | Reached XP level 7. HP: 34/46 MP: 7/16
  5437 | D:4      | Learned a level 4 spell: Summon Lightning Spire
  5724 | D:4      | Noticed Edmund
  6195 | D:4      | Killed Edmund
  6195 | D:4      | Reached skill level 7 in Spellcasting
  6330 | D:4      | Reached skill level 1 in Air Magic
  6535 | D:5      | Entered Level 5 of the Dungeon
  6555 | D:5      | Noticed Duvessa
  6565 | D:5      | Noticed Dowan
  6635 | D:5      | Killed Duvessa
  6826 | D:4      | Killed Dowan
  7823 | D:5      | Reached XP level 8. HP: 44/52 MP: 10/18
  8275 | D:5      | Noticed Sigmund
  8896 | D:5      | Found a bloodstained altar of Trog.
  8905 | D:5      | Noticed Blork the orc
  8914 | D:5      | Killed Blork the orc
  9210 | D:5      | Killed Sigmund
  9293 | D:5      | Found a deep blue altar of Sif Muna.
  9296 | D:5      | Became a worshipper of Sif Muna the Loreminder
  9540 | D:6      | Reached skill level 5 in Summonings
  9701 | D:6      | Noticed HallandMoats's ghost (novice DsFi)
 10105 | D:5      | Found a stormy altar of Qazlal.
 10263 | D:6      | Shot with an arrow by a centaur

Vault maps used:
D:1:      noname_arrival_rooms_in_the_neighbourhood, minmay_misc_feat_square,
          serial_bayou_pond_d, minmay_pentomino_s4
D:2:      yredelemnul_forgotten_temple_becter, nemelex_spade_bored_becter
D:3:      first_bread
D:4:      old_forge, minmay_temple_entry_butterflies,
          nicolae_ossuary_entry_ruins, minmay_box_of_dots, uniq_edmund
D:5:      kennysheep_mini, nicolae_overflow_hidden_temple, uniq_duvessa,
          uniq_sigmund, uniq_blork_the_orc
D:6:      kennysheep_housing_project, portal_sewer_entry_c
Temple:   compressed_dpeg_circular_temple

Skill      XL: |  1  2  3  4  5  6  7  8 |
---------------+-------------------------+-----
Dodging        | 3 |  3.0
Polearms       | 2 3 |  3.0
Spellcasting   | 3 4 5 6 7 |  7.2
Air Magic      | 2 4 |  4.0
Summonings     | 5 |  5.8
Stealth        | |  2.1

Action                   |  1- 3 |  4- 6 |  7- 9 || total
-------------------------+-------+-------+-------++-------
Melee: Spear             |   102 |   179 |   124 ||   405
       Unarmed           |     3 |       |       ||     3
Throw: Tomahawk          |       |     1 |       ||     1
 Cast: Summon Small Mamm |    13 |     1 |     2 ||    16
       Call Imp          |     4 |    46 |    88 ||   138
       Call Canine Famil |       |    18 |    53 ||    71
       Summon Lightning  |       |       |     7 ||     7
  Use: Scroll            |       |       |     1 ||     1
 Stab: Distracted        |     1 |     1 |       ||     2
       Sleeping          |     3 |     4 |     3 ||    10
  Eat: Chunk             |     2 |     8 |    17 ||    27
       Meat ration       |       |     1 |       ||     1
       Bread ration      |       |     1 |       ||     1
Armor: Robe              |     5 |    22 |    22 ||    49
Dodge: Dodged            |    54 |    85 |    89 ||   228
